 Dungeon Crawl Stone Soup version 0.31.0-9-g3a7656b989 (webtiles) character file.

Game seed: 6184926897655281016

23 qw the Shooter (level 2, -5/24 HPs)
             Began as a Demigod Hunter on Feb 2, 2024.
             Slain by a ribbon worm (8 damage)
             ... on level 1 of the Dungeon.
             The game lasted 00:00:02 (573 turns).

qw the Shooter (Demigod Hunter)                      Turns: 573, Time: 00:00:02

Health: -5/24      AC:  3    Str: 12    XL:     2   Next: 54%
Magic:  4/4        EV: 12    Int: 11    God:
Gold:   0          SH:  0    Dex: 17    Spells: 1/1 levels left

rFire   . . .        a - +0 shortbow
rCold   . . .        (shield currently unavailable)
rNeg    . . .        c - +0 leather armour
rPois   .            (no helmet)
rElec   .            (no cloak)
rCorr   .            (no gloves)
SInv    .            (no boots)
Will    .....        (no amulet)
Stlth   ++           (no ring)
HPRegen 0.24/turn    (no ring)
MPRegen 0.09/turn

%: no passive effects
@: no status effects
A: high MP 1, forlorn, divine attributes
a: no special abilities


You were on level 1 of the Dungeon.
You visited 1 branch of the dungeon, and saw 2 of its levels.


Innate Abilities, Weirdness & Mutations

You have an increased reservoir of magic. (+10% MP)
You shall have no god before yourself.
Your divine heritage dramatically boosts your attributes as you level up.


   Skills:
 - Level 2.0 Fighting
 + Level 4.3 Ranged Weapons
 - Level 1.7 Dodging
 - Level 0.8 Stealth


You had one spell level left.
You didn't know any spells.
Your spell library was empty.

Inventory:

Hand Weapons
 a - a +0 shortbow (weapon)
Armour
 c - a +0 leather armour (worn)

Dungeon Overview and Level Annotations

Branches:
Dungeon (2/15)

Annotations:
D:1 2 transporters


Message History

Partly explored, unvisited transporter.
What level of the Dungeon? (default 1, ? - help)
You see here a hobgoblin skeleton.
You see here 9 stones.
There is a stone staircase leading down here.
You climb downwards.
There is a stone staircase leading up here.
There are monsters nearby!
Waypoint 1 assigned to D:2.
You shoot an arrow. The arrow hits the bat.
You kill the bat!
The hobgoblin shouts!
You shoot an arrow. The arrow hits the ribbon worm!
The ribbon worm is heavily wounded.
You shoot an arrow. The arrow hits the ribbon worm.
The ribbon worm is heavily wounded.
The ribbon worm expels a string of sticky webbing.
The stream of webbing hits you but does no damage.
You are caught in a web!
567 ||| STAIRDANCE The ribbon worm bites you!
You climb upwards.
Level annotation: 2 transporters
There is a stone staircase leading down here.
You shoot an arrow. The arrow hits the ribbon worm.
The ribbon worm is heavily wounded.
The ribbon worm bites you!
You shoot an arrow. The arrow hits the ribbon worm.
The ribbon worm is heavily wounded.
The ribbon worm expels a string of sticky webbing.
The stream of webbing misses you.
You shoot an arrow. The arrow hits the ribbon worm.
The ribbon worm is severely wounded.
The ribbon worm bites you.
You shoot an arrow. The arrow hits the ribbon worm.
The ribbon worm is almost dead.
The ribbon worm bites you.
You shoot an arrow.
The arrow completely misses the ribbon worm.
The ribbon worm bites you!
You die...

#......# ### # ##......# ##.##
### ........# ###...# ##..
##......# #...#.## ####.%#
#......# #.###..#####....#.
#......# #.# ##...#...####.
#......# #.# ###...######.
###.##### #w# #...[......#. # #.#
##@# ##.#####...... ###.###
######..# #..##....#####
......####...##.####.###.#### ##
.#.##................##..# ###.
...#####>....[..........######...
...# #......#.#......|.......##
...### #...(.........####...####
.#...####.....#.#.............###
.###.................###..##.....


You could see a ribbon worm (catching breath).

Vanquished Creatures
  3 endoplasms (D:1)
  A giant cockroach (D:1)
  3 goblins (D:1)
  A hobgoblin (D:1)
  A jackal (D:1)
  8 bats
  A kobold (D:1)
  2 rats (D:1)
20 creatures vanquished.

Notes
Turn   | Place    | Note
-------+----------+-------------------------------------------
     0 | D:1      | qw the Demigod Hunter began the quest for the Orb.
     0 | D:1      | Reached XP level 1. HP: 17/17 MP: 3/3
     0 | D:1      | 0 ||| qw: Version: 0.3-a-155-g5e7d8dd
     0 | D:1      | 0 ||| qw: Game counter: 335
     0 | D:1      | 0 ||| qw: Melee chars always use a shield: true
     0 | D:1      | 0 ||| qw: God list: Okawaru
     0 | D:1      | 0 ||| qw: Allow faded altars: false
     0 | D:1      | 0 ||| qw: Do Orc after clearing Dungeon:15 true
     0 | D:1      | 0 ||| qw: Do second Lair branch before Depths: true
     0 | D:1      | 0 ||| qw: Lair rune preference: random
     0 | D:1      | 0 ||| qw: Goals: Normal
     0 | D:1      | 0 ||| PLANNING D:1-11
   111 | D:1      | Reached skill level 4 in Ranged Weapons
   171 | D:1      | Reached XP level 2. HP: 24/24 MP: 4/4
   513 | D:1      | 513 ||| READING scroll labelled JOGGUJ OCUNY.
   514 | D:1      | 514 ||| DROPPING scroll of butterflies.
   567 | D:2      | 567 ||| STAIRDANCE
   571 | D:1      | HP: 6/24 [ribbon worm (4)]
   573 | D:1      | Slain by a ribbon worm

Levels and vault maps discovered:
D:1:      spicycebolla_arrival_transporter_tutorial, layout_rooms, serial_glass,
          glass_columns_b, glass_columns_a, serial_park_tiny_2, st_stairs_9
D:2:      layout_rooms, shapermc_ecumenical_altar_totnotflames,
          nicolae_the_louvre

Skill      XL: |  1  2 |
---------------+-------+-----
Ranged Weapons | 4 |  4.3
Fighting       | 2 |  2.0
Dodging        | |  1.7
Stealth        | |  0.8

Action                     || total
---------------------------++-------
   Fire: Shortbow          ||    50
    Use: Scroll            ||     1
 Armour: Leather armour    ||    11
  Dodge: Dodged            ||     8

Table legend:
 A = Non-vault XP
 B = Vault XP
 C = Vault XP percentage of total XP
 D = Non-vault monster count
 E = Vault monster count
 F = Vault count percentage of total count
                 A         B        C        D         E       F
            +---------+---------+-------+---------+---------+-------
      Total |      27 |       6 |  18.2 |      17 |       3 |  15.0
            +---------+---------+-------+---------+---------+-------
        D:1 |      25 |       6 |  19.4 |      16 |       3 |  15.8
        D:2 |       2 |       0 |   0.0 |       1 |       0 |   0.0
            +---------+---------+-------+---------+---------+-------
